 Dungeon Crawl Stone Soup version 0.30-a0-347-gf58ed5266c (webtiles) character file.

Game seed: 9624958722527765955

20757 HoaS the Marksgargoyle (level 12, -5/76 HPs)
             Began as a Gargoyle Hunter on Nov 6, 2022.
             Was the Champion of Makhleb.
             Shot with an arrow by a centaur warrior (20 damage)
             ... on level 11 of the Dungeon.
             The game lasted 00:30:26 (11915 turns).

HoaS the Marksgargoyle (Gargoyle Hunter)           Turns: 11915, Time: 00:30:26

Health: -5/76      AC: 19    Str: 16    XL:     12   Next: 82%
Magic:  12/12      EV: 17    Int: 10    God:    Makhleb [******]
Gold:   890        SH:  0    Dex: 17    Spells: 11/11 levels left

rFire   . . .      SeeInvis .    a - +5 shortbow
rCold   . . .      Faith    .    (shield currently unavailable)
rNeg    + . .      Spirit   .    n - +1 troll leather armour {Snorg}
rPois   ∞          Reflect  .    k - +2 helmet
rElec   +          Harm     .    d - +1 cloak
rCorr   .          Rampage  .    g - +0 pair of gloves
Will    .....                    (no boots)
Stlth   ++........               c - amulet of regeneration
HPRegen 1.92/turn                p - +4 ring of protection
MPRegen 0.13/turn                (no ring)

@: corroded
A: sickness immunity, AC +8, negative energy resistance 1, electricity
resistance, torment resistance 1, petrification resistance
a: Renounce Religion, Minor Destruction, Lesser Servant of Makhleb, Major
Destruction, Greater Servant of Makhleb


You were on level 11 of the Dungeon.
You worshipped Makhleb.
Makhleb was exalted by your worship.
You visited 4 branches of the dungeon, and saw 16 of its levels.
You also visited: Ossuary and Bailey.

You collected 1310 gold pieces.
You spent 420 gold pieces at shops.

Inventory:

Hand Weapons
 a - a +5 shortbow (weapon)
 m - a +0 arbalest
Armour
 d - a +1 cloak (worn)
 g - a +0 pair of gloves (worn)
 k - a +2 helmet (worn)
 n - a +1 troll leather armour (worn) {Snorg}
Jewellery
 c - an amulet of regeneration (around neck)
 p - a +4 ring of protection (left hand)
 E - a ring of ice
Wands
 h - a wand of polymorph (11)
 i - a wand of charming (13)
 r - a wand of digging (8)
 y - a wand of flame (4)
 A - a wand of light (2)
Scrolls
 b - a scroll of immolation
 o - 16 scrolls of teleportation
 u - a scroll of magic mapping
 v - 2 scrolls of poison
 w - 2 scrolls of butterflies
 B - a scroll of fear
 G - a scroll of blinking
Potions
 e - 2 potions of curing
 f - a potion of berserk rage
 j - 3 potions of resistance
 s - 2 potions of attraction
 t - 4 potions of mutation
 x - a potion of flight {unknown}
 z - a potion of heal wounds {unknown}
 C - 2 potions of invisibility
 D - 2 potions of cancellation {unknown}
 F - a potion of ambrosia {unknown}


   Skills:
 + Level 9.2 Fighting
 - Level 16.0 Ranged Weapons
 * Level 9.9 Dodging
 - Level 1.1 Stealth


You had 11 spell levels left.
You didn't know any spells.
Your spell library contained the following spells:

 Spells                   Type           Power      Damage    Failure   Level
 Apportation              Tloc           0%         N/A       43%         1
 Magic Dart               Conj           0%         1d3       43%         1
 Necrotise                Necr           0%         1d4       43%         1
 Sandblast                Erth           0%         2d4       43%         1
 Summon Small Mammal      Summ           0%         N/A       43%         1
 Blink                    Tloc           0%         N/A       56%         2
 Ensorcelled Hibernation  Hex/Ice        0%         N/A       56%         2
 Momentum Strike          Conj/Tloc      0%         3d8       56%         2
 Passwall                 Tmut/Erth      0%         N/A       56%         2
 Searing Ray              Conj           0%         2d4       56%         2
 Frozen Ramparts          Ice            0%         1d1       80%         3
 Gell's Gravitas          Tloc           0%         N/A       80%         3
 Lesser Beckoning         Tloc           0%         N/A       80%         3
 Ozocubu's Armour         Ice            0%         N/A       80%         3
 Portal Projectile        Hex/Tloc       0%         N/A       80%         3
 Stone Arrow              Conj/Erth      0%         3d7       80%         3
 Teleport Other           Tloc           0%         N/A       80%         3
 Tukima's Dance           Hex            0%         N/A       80%         3
 Vampiric Draining        Necr           0%         2d6       80%         3
 Fulminant Prism          Conj/Hex       0%         3d5       99%         4
 Ice Form                 Ice/Tmut       0%         N/A       99%         4
 Leda's Liquefaction      Hex/Erth       0%         N/A       99%         4
 Summon Ice Beast         Ice/Summ       0%         N/A       99%         4
 Agony                    Necr           0%         N/A       100%        5
 Blade Hands              Tmut           0%         N/A       100%        5
 Metabolic Englaciation   Hex/Ice        0%         N/A       100%        5
 Simulacrum               Ice/Necr       0%         N/A       100%        6


Dungeon Overview and Level Annotations

Branches:
Dungeon (11/15)            Temple (1/1) D:4            Lair (2/5) D:10
    Orc (2/2) D:10        Ossuary (visited)          Bailey (visited)
  Swamp: Lair:2-3    Shoals: Lair:2-3     Snake: Lair:2-3    Spider: Lair:2-3
    Elf: Orc:2

Altars:
Ashenzari
Cheibriados
Dithmenos
Elyvilon
Fedhas
Gozag
Hepliaklqana
Kikubaaqudgha
Makhleb
Nemelex Xobeh
Okawaru
Qazlal
Ru
Sif Muna
Trog
Uskayaw
Vehumet
Wu Jian
Xom
Yredelemnul
Zin
The Shining One

Shops:
D:6 =

Annotations:
Orc:2 Rupert


Innate Abilities, Weirdness & Mutations

You are immune to sickness and miasma.
Your stone body is resilient. (AC +8)
You are immune to poison.
You resist negative energy. (rN+)
You are resistant to electric shocks. (rElec)
You are resistant to unholy torment.
You are immune to petrification.


Message History

The manticore bites you.
The manticore claws you but does no damage.
The manticore claws you.
You shoot an arrow. The arrow hits the manticore!
The manticore is heavily wounded.
The centaur warrior shoots an arrow.
The arrow hits you but does no damage.
You shoot an arrow. The arrow hits the manticore.
The manticore is heavily wounded.
The manticore bites you!
The manticore claws you but does no damage. x2
The centaur warrior shoots an arrow.
The arrow hits you!
You are too injured to fight recklessly!
You are too injured to fight recklessly!
You are too injured to fight recklessly!
Fire: a) +5 shortbow
Press: ? - help, Q - select action, (/) - cycle Shift-Dir - straight line, f/p - manticore
Aim: a manticore (heavily wounded, 81% to hit)
You shoot an arrow. The arrow hits the manticore.
The manticore is heavily wounded.
The manticore bites you but does no damage.
The manticore closely misses you. The manticore completely misses you.
The centaur warrior shoots an arrow.
The arrow hits you!
* * * LOW HITPOINT WARNING * * *
Fire: a) +5 shortbow
Press: ? - help, Q - select action, (/) - cycle Shift-Dir - straight line, f/p - manticore
Aim: a manticore (heavily wounded, 81% to hit)
You shoot an arrow. The arrow hits the manticore.
The manticore is heavily wounded.
The centaur warrior shoots an arrow.
The arrow hits you!
* * * LOW HITPOINT WARNING * * *
The manticore misses you. The manticore closely misses you.
The manticore misses you.
Fire: a) +5 shortbow
Press: ? - help, Q - select action, (/) - cycle Shift-Dir - straight line, f/p - manticore
Aim: a manticore (heavily wounded, 81% to hit)
You shoot an arrow.
The arrow hits the manticore but does no damage.
The manticore is heavily wounded.
The centaur warrior shoots an arrow.
The arrow hits you!!
You die...

.................#....
......................
..............[.......
.......................
...9...................
.......................
..........#............
....#.T..###.....[....
...###.@## ##.........
... #..H[# ..........
..........#
............
.............
...............
.c.............
..........:....


You could see a centaur warrior, a manticore, a troll and a gargoyle.

Vanquished Creatures
  Snorg (Orc:1)
  A hydra (Lair:1)
  A vault guard (Bailey)
  A tengu warrior (D:11)
  3 death yaks (Lair:2)
  An orc knight (Orc:2)
  2 orc sorcerers
  An elephant (D:10)
  A manticore (D:11)
  2 black mambas
  4 cane toads (Lair:1)
  An unseen horror (D:10)
  A komodo dragon (D:10)
  Grinder (D:4)
  Prince Ribbit (Bailey)
  3 blink frogs (Lair:1)
  3 wyverns
  2 shadows (D:10)
  13 yaks
  3 basilisks
  7 humans (Bailey)
  A steam dragon (D:9)
  A warg (Orc:2)
  3 acid dragons
  3 water moccasins
  A swamp drake (D:10)
  A hornet zombie (Ossuary)
  7 orc warriors
  2 black bears (D:7)
  An ice beast (D:6)
  2 centaurs
  6 ogres
  3 wolves
  2 phantoms (D:4)
  2 kobold brigands
  Blork the orc (D:4)
  2 wyvern zombies (Ossuary)
  14 bullfrogs
  2 gnoll sergeants
  2 scorpions (D:6)
  3 water moccasin zombies (Ossuary)
  8 wights
  2 necrophages
  7 killer bees
  2 centaur zombies (Ossuary)
  8 bullfrog zombies (Ossuary)
  2 jellies
  A gnoll bouda (D:6)
  5 orc priests
  11 hounds
  2 iguanas
  11 orc wizards
  4 killer bee zombies (Ossuary)
  12 mummies (Ossuary)
  Robin (D:2)
  25 gnolls
  7 adders
  2 shadow imps
  A white imp (D:7)
  2 ufetubi
  3 worms
  2 dart slugs
  48 orcs
  7 endoplasms
  6 giant cockroaches
  22 goblins
  10 hobgoblins
  A jackal (D:6)
  13 kobolds
  4 quokkas
  2 ball pythons
  3 bats
  A frilled lizard (D:1)
  3 rats
350 creatures vanquished.

Vanquished Creatures (others)
  An orc wizard (D:10)
  3 plants
  5 withered plants (Ossuary)
9 creatures vanquished.

Grand Total: 359 creatures vanquished

Notes
Turn   | Place    | Note
-------+----------+-------------------------------------------
     0 | D:1      | HoaS the Gargoyle Hunter began the quest for the Orb.
     0 | D:1      | Reached XP level 1. HP: 12/12 MP: 1/1
   176 | D:1      | Reached XP level 2. HP: 14/17 MP: 2/2
   867 | D:1      | Reached XP level 3. HP: 10/21 MP: 3/3
   937 | D:2      | Reached skill level 5 in Ranged Weapons
  1087 | D:2      | Noticed Robin
  1125 | D:2      | Killed Robin
  1135 | D:2      | Reached XP level 4. HP: 23/26 MP: 4/4
  1698 | D:3      | Reached skill level 6 in Ranged Weapons
  1730 | D:2      | Reached XP level 5. HP: 19/30 MP: 5/5
  2178 | D:3      | Found a burning altar of Makhleb.
  2178 | D:3      | Noticed a green death
  2216 | D:3      | Noticed an orange demon
  2216 | D:3      | Noticed a smoke demon
  2218 | D:3      | Became a worshipper of Makhleb the Destroyer
  2239 | D:3      | Got the Tome of the Fetching Geologist
  2485 | D:4      | Noticed Blork the orc
  2492 | D:4      | Killed Blork the orc
  2493 | D:4      | Reached skill level 7 in Ranged Weapons
  2493 | D:4      | Reached XP level 6. HP: 17/35 MP: 6/6
  2782 | D:4      | Found a staircase to the Ecumenical Temple.
  2839 | Temple   | Entered the Ecumenical Temple
  3119 | D:4      | Noticed Grinder
  3122 | D:4      | Paralysed by Grinder for 5 turns
  3134 | D:4      | Killed Grinder
  3135 | D:4      | Reached skill level 8 in Ranged Weapons
  3135 | D:4      | Reached XP level 7. HP: 31/40 MP: 7/7
  3459 | D:5      | Entered Level 5 of the Dungeon
  3484 | D:4      | Reached skill level 9 in Ranged Weapons
  3608 | D:4      | Reached XP level 8. HP: 33/44 MP: 8/8
  3911 | D:4      | Reached skill level 10 in Ranged Weapons
  4074 | D:5      | Reached * piety under Makhleb
  4228 | D:5      | Identified the +6 dagger of Balance {freeze, Fly Dex+3}
  4594 | D:5      | Found an ancient bone altar of Kikubaaqudgha.
  4594 | D:5      | Found an iron altar of Okawaru.
  4856 | D:6      | Reached skill level 11 in Ranged Weapons
  5076 | D:6      | Reached XP level 9. HP: 48/48 MP: 9/9
  5090 | D:6      | Reached skill level 12 in Ranged Weapons
  5105 | D:6      | Found Vehyor's Jewellery Shoppe.
  5115 | D:6      | Bought an amulet of regeneration for 420 gold pieces
  5282 | D:6      | Reached ** piety under Makhleb
  5646 | D:7      | Found a sand-covered staircase.
  5655 | Ossuary  | Entered an ossuary
  5761 | Ossuary  | Reached skill level 13 in Ranged Weapons
  5900 | Ossuary  | Reached *** piety under Makhleb
  6076 | D:7      | Found a hide-covered altar of Uskayaw.
  6096 | D:7      | Reached skill level 14 in Ranged Weapons
  6153 | D:7      | Reached XP level 10. HP: 45/53 MP: 10/10
  6476 | D:7      | Found a shimmering altar of Xom.
  6550 | D:7      | Found a stormy altar of Qazlal.
  7044 | D:8      | Found a flagged portal.
  7059 | Bailey   | Entered a bailey
  7073 | Bailey   | Reached skill level 15 in Ranged Weapons
  7095 | Bailey   | Reached **** piety under Makhleb
  7209 | Bailey   | Noticed Prince Ribbit
  7209 | Bailey   | Noticed a vault guard
  7298 | Bailey   | Killed a vault guard
  7299 | Bailey   | Reached skill level 16 in Ranged Weapons
  7385 | Bailey   | Killed Prince Ribbit
  7433 | Bailey   | Noticed a vault guard
  7515 | D:8      | Reached XP level 11. HP: 60/60 MP: 11/11
  8185 | D:9      | Found a snail-covered altar of Cheibriados.
  8277 | D:9      | Found a blossoming altar of Fedhas.
  8340 | D:9      | Found an ornate altar of the Wu Jian Council.
  8464 | D:9      | Found a broken altar of Ashenzari.
  8602 | D:10     | Entered Level 10 of the Dungeon
  8635 | D:10     | Reached skill level 5 in Dodging
  8674 | D:10     | Reached skill level 5 in Fighting
  8694 | D:10     | Reached ***** piety under Makhleb
  8733 | D:10     | Found a basalt altar of Yredelemnul.
  8766 | D:10     | Found a glowing golden altar of the Shining One.
  8790 | D:10     | Found a sacrificial altar of Ru.
  8855 | D:10     | Found a staircase to the Lair.
  9429 | D:10     | Found a staircase to the Orcish Mines.
  9671 | Lair:1   | Entered Level 1 of the Lair of Beasts
  9752 | Lair:1   | Reached XP level 12. HP: 37/72 MP: 12/12
 10355 | Lair:2   | Noticed a death yak
 10355 | Lair:2   | Noticed a death yak
 10355 | Lair:2   | Noticed a death yak
 10355 | Lair:2   | Noticed a death yak
 10355 | Lair:2   | Noticed a death yak
 10355 | Lair:2   | Noticed a death yak
 10383 | Lair:2   | Noticed a four-headed hydra
 10408 | Lair:1   | Killed a four-headed hydra
 10670 | Lair:2   | Killed a death yak
 10684 | Lair:2   | Killed a death yak
 10699 | Lair:2   | Killed a death yak
 10858 | Orc:1    | Entered Level 1 of the Orcish Mines
 11040 | Orc:2    | Entered Level 2 of the Orcish Mines
 11151 | Orc:2    | Noticed Snorg
 11395 | Orc:1    | Killed Snorg
 11704 | Orc:2    | Noticed Rupert
 11826 | D:11     | Noticed a tengu warrior
 11843 | D:11     | Killed a tengu warrior
 11903 | D:11     | Reached ****** piety under Makhleb
 11908 | D:11     | Noticed a centaur warrior
 11915 | D:11     | Shot with an arrow by a centaur warrior

Illustrated notes

Levels and vault maps discovered:
D:1:      matt_arrival_spirals, layout_basic
D:2:      layout_basic, uniq_robin
D:3:      layout_rooms, makhleb_altar_promises_db
D:4:      layout_loops_ring, minmay_temple_entry_grid, grunt_decor_junction,
          minivault_25, uniq_grinder, uniq_blork_the_orc
D:5:      layout_cave_pools, gammafunk_temple_overflow_elements, minivault_27,
          grunt_ministairs_5, hangedman_abyss_or_decor_lesser_grid, st_stairs_9
D:6:      layout_cave_pools, serial_gnoll_camp, gnoll_camp_mini_sergeant,
          gnoll_camp_mini_house, gnoll_camp_mini_shop, gnoll_camp_mini_doghouse,
          corexii_checkpoint_b, chequers_serial_rivers_micro_e
D:7:      layout_loops_cross, mainiacjoe_overflow_surrounded_room,
          lemuel_round_altar, nicolae_qazlal_style_of_elements,
          lightli_ossuary_entry_decrepit_ruins, lightli_minifort
D:8:      layout_rooms, enter_bailey_5
D:9:      layout_roguey, fedhas_altar_4, overflow_temple_1_default,
          amcnicky_altar_gilded, cheibriados_altar_1, kennysheep_nondescript
D:10:     layout_stronghold, mainiacjoe_overflow_paths,
          mainiacjoe_overflow_alcove_4, nicolae_ru_awakened_eye,
          david_lair_generic, erik_orc_1, minmay_fractal_squares_5
D:11:     layout_big_octagon, nicolae_trove_entry_crossroad,
          nicolae_underground_beach
Temple:   nicolae_temple_bog_church
Lair:1:   layout_hall_layers
Lair:2:   layout_gridlike, guppyfry_snake_entry_island, minivault_11,
          serial_bayou_shore_a
Orc:1:    layout_caves
Orc:2:    grunt_orc_tribal_feast, layout_caves, hellmonk_bongcloud_opening,
          uniq_snorg, uniq_donald, uniq_rupert

Skill      XL: |  1  2  3  4  5  6  7  8  9 10 11 12 |
---------------+-------------------------------------+-----
Ranged Weapons | 5 6 7 8 9 11 14 16 | 16.0
Dodging        | 3 7 9 |  9.9
Fighting       | 3 7 9 |  9.2
Stealth        | |  1.1

Action                   |  1- 3 |  4- 6 |  7- 9 | 10-12 || total
-------------------------+-------+-------+-------+-------++-------
Melee: Unarmed           |       |       |     7 |       ||     7
       Shortbow          |       |       |       |     3 ||     3
 Fire: Shortbow          |   119 |   177 |   564 |  1133 ||  1993
Throw: Throwing net      |       |       |       |     1 ||     1
Evoke: Wand              |       |       |       |     1 ||     1
  Use: Scroll            |     5 |     8 |     7 |    14 ||    34
       Potion            |       |       |     1 |    10 ||    11
Armor: Leather armour    |    38 |    31 |    92 |    16 ||   177
       Ring mail         |       |       |   201 |   359 ||   560
       Troll leather arm |       |       |       |    36 ||    36
Dodge: Dodged            |    59 |    39 |   257 |   452 ||   807

Table legend: (Time is in decaauts)
 A = Elapsed time spent in this place.
 B = Non-inter-level travel time spent in this place.
 C = Inter-level travel time spent in this place.
 D = Time resting spent in this place.
 E = Time spent auto-exploring this place.
 F = Levels seen in this place.
 G = Mean time per level.
                   A        B        C        D        E       F      G
               +--------+--------+--------+--------+--------+-----+--------+
         Total |  11790 |  11148 |    642 |   1726 |   6509 |  18 |  655.0 |
       Dungeon |   8882 |   8332 |    550 |   1173 |   5175 |  11 |  807.5 |
        Temple |    221 |    203 |     18 |      0 |    196 |   1 |  221.0 |
          Lair |   1091 |   1033 |     58 |    115 |    668 |   2 |  545.5 |
  Orcish Mines |    862 |    847 |     15 |    374 |    267 |   2 |  431.0 |
       Ossuary |    383 |    383 |      0 |      4 |    116 |   1 |  383.0 |
        Bailey |    348 |    348 |      0 |     59 |     85 |   1 |  348.0 |
               +--------+--------+--------+--------+--------+-----+--------+

Top non-repeatable levels by time:
     D:4: 1432 daAuts
    D:10: 1141 daAuts
     D:7: 994 daAuts
     D:1: 912 daAuts
     D:2: 848 daAuts
     D:6: 830 daAuts
  Lair:1: 806 daAuts
     D:5: 802 daAuts
     D:9: 751 daAuts
     D:3: 682 daAuts
   Orc:1: 522 daAuts
     D:8: 406 daAuts
 Ossuary: 383 daAuts
  Bailey: 348 daAuts
   Orc:2: 340 daAuts
